 Dungeon Crawl Stone Soup version 0.18.1-48-g4cf74bf (webtiles) character file.

154 PossumBlood the Skirmisher (level 5, -13/50 HPs)
             Began as a Minotaur Fighter on Aug 19, 2016.
             Mangled by an ogre
             ... wielding a +0 giant spiked club
              (30 damage)
             ... on level 3 of the Dungeon.
             The game lasted 00:03:30 (1623 turns).

PossumBlood the Skirmisher (Minotaur Fighter)       Turns: 1623, Time: 00:03:30

Health: -13/50     AC:  8    Str: 22    XL:     5   Next: 13%
Magic:  4/4        EV:  7    Int:  5    God:
Gold:   64         SH:  9    Dex:  9    Spells: 0 memorised, 4 levels left

rFire  . . .     SeeInvis .     a - +0 war axe
rCold  . . .     Gourm    .     b - +0 scale mail
rNeg   + . .     Faith    .     c - +0 shield
rPois  .         Spirit   .     (helmet restricted)
rElec  .         Dismiss  .     (no cloak)
rCorr  .         Reflect  .     (no gloves)
SustAt .         Harm     .     e - +0 pair of boots
MR     .....                    k - amulet of regeneration
Stlth  ..........               (no ring)
                                p - ring of positive energy

@: lethally poisoned (-13 -> -13), not resistant to hostile enchantments,
extremely unstealthy
A: retaliatory headbutt, horns 2
a: no special abilities


You were on level 3 of the Dungeon.
You were not hungry.

You visited 1 branch of the dungeon, and saw 3 of its levels.

You collected 64 gold pieces.

Inventory:

Hand Weapons
 a - a +0 war axe (weapon)
Armour
 b - a +0 scale mail (worn)
 c - a +0 shield (worn)
 e - a +0 pair of boots (worn)
Jewellery
 k - an amulet of regeneration (around neck)
 p - a ring of positive energy (left hand)
Wands
 s - a wand of iceblast (7/15)
 t - a wand of slowing (14/48)
Scrolls
 g - 2 scrolls of identify {unknown}
 h - a scroll of recharging {unknown}
 i - a scroll of amnesia {unknown}
 j - a scroll of fog {unknown}
 l - a scroll of teleportation {unknown}
 r - 2 scrolls of remove curse {unknown}
 u - a scroll of enchant armour {unknown}
Potions
 d - a potion of might
 m - a potion of lignification {unknown}
 o - a potion of mutation {unknown}
 q - a potion of degeneration {unknown}
 v - a potion of curing {unknown}
Comestibles
 f - a bread ration
 n - 3 meat rations


   Skills:
 * Level 6.1 Fighting
 - Level 2.4 Axes
 + Level 5.0 Armour
 - Level 3.6 Shields


You had 4 spell levels left.
You didn't know any spells.

Dungeon Overview and Level Annotations

Branches:
Dungeon (3/15)

Altars:
Fedhas
Zin

Shops:
D:2 *


Innate Abilities, Weirdness & Mutations

You reflexively headbutt those who attack you in melee.
You have a pair of horns on your head.


Message History

You barely miss the kobold. Your headbutt misses the kobold.
You block the kobold's attack.
You slash the kobold!
You kill the kobold!
You feel sick.
You closely miss the ogre. Your headbutt misses the ogre.
The ogre hits you with a giant spiked club!!
A goblin comes into view.
Your shield prevents you from hitting the ogre.
The goblin shouts!
Your headbutt misses the ogre.
The ogre hits you with a giant spiked club!
You hit the ogre but do no damage.
You feel sick. The ogre barely misses you. You furiously retaliate!
You headbutt the ogre! You slash the ogre!
You headbutt the ogre, but do no damage.
The ogre is almost dead.
The ogre hits you with a giant spiked club!!
Ouch! That really hurt!
You die...

..... #...# # #...# #.
#...# .####)..#
..##)..# #.##)).# .
#######.##.).######....
.........'..((.@O..g...
######.##...########..
#.##...# .# #.###### .#
#.# .# #.# .#
#.#######..
.#######..........
..........#######.


You could see an ogre and a goblin.

Vanquished Creatures
  An orc priest (D:3)
  Ijyb (D:2)
  3 adders (D:2)
  2 oozes
  2 giant geckos
  6 orcs (D:3)
  4 giant cockroaches
  4 goblins (D:2)
  2 hobgoblins (D:2)
  9 jackals
  A ball python (D:2)
  4 bats
  2 giant newts (D:1)
  3 kobolds
  15 rats
59 creatures vanquished.

Notes
Turn   | Place    | Note
--------------------------------------------------------------
     0 | D:1      | PossumBlood the Minotaur Fighter began the quest for the Orb.
     0 | D:1      | Reached XP level 1. HP: 19/19 MP: 0/0
    63 | D:1      | Reached skill level 4 in Fighting
   217 | D:1      | Reached XP level 2. HP: 26/27 MP: 1/1
   834 | D:2      | Reached XP level 3. HP: 34/34 MP: 2/2
   919 | D:2      | Reached skill level 5 in Fighting
  1039 | D:2      | Noticed Ijyb
  1046 | D:2      | Killed Ijyb
  1046 | D:2      | Reached XP level 4. HP: 42/42 MP: 3/3
  1128 | D:2      | Found Zin's Purification Station.
  1133 | D:2      | Found a glowing silver altar of Zin.
  1564 | D:3      | Reached skill level 5 in Armour
  1569 | D:3      | Found a blossoming altar of Fedhas.
  1572 | D:3      | Reached skill level 6 in Fighting
  1572 | D:3      | Reached XP level 5. HP: 32/50 MP: 4/4
  1615 | D:3      | Noticed an ogre
  1623 | D:3      | Mangled by an ogre

Skill      XL: |  1  2  3  4 |
---------------+-------------+-----
Fighting       | 4 5 6 |  6.1
Armour         | 4 5 |  5.0
Axes           | |  2.4
Shields        | |  3.6

Action                   |  1- 3 |  4- 6 || total
-------------------------+-------+-------++-------
Melee: War axe           |   125 |    63 ||   188
       Headbutt          |     8 |     9 ||    17
  Eat: Bread ration      |       |     1 ||     1
Armor: Scale mail        |    84 |    19 ||   103
Dodge: Dodged            |    48 |    13 ||    61
Block: Shield            |    88 |    40 ||   128
